 Dungeon Crawl Stone Soup version 0.25-a0-603-g0321be95db (webtiles) character file.

Game seed: 15823809734171059921, levelgen mode: deterministic

1200 Notrik the Cleaver (level 8, -11/78 HPs)
             Began as a Hill Orc Fighter on Mar 16, 2020.
             Mangled by an ogre
             ... wielding a +0 giant club
              (12 damage)
             ... on level 6 of the Dungeon.
             The game lasted 00:12:49 (6638 turns).

Notrik the Cleaver (Hill Orc Fighter)               Turns: 6638, Time: 00:12:49

Health: -11/78     AC:  7    Str: 21    XL:     8   Next: 44%
Magic:  8/8        EV:  9    Int:  8    God:
Gold:   320        SH:  3    Dex:  5    Spells: 7/7 levels left

rFire    + . .     SeeInvis .   a - +0 war axe
rCold    + . .     Gourm    .   x - +0 buckler "Xoniam" {+Fly rElec rPois Dex-5}
rNeg     . . .     Faith    .   b - +0 scale mail
rPois    +         Spirit   .   y - -2 helmet (curse)
rElec    +         Reflect  .   t - scarf {rC+ rF+}
rCorr    .         Harm     .   (no gloves)
MR       .....                  z - +0 pair of boots
Stlth    ..........             (no amulet)
HPRegen  0.23/turn              (no ring)
MPRegen  0.11/turn              (no ring)

@: no status effects
A: no striking features
a: Evoke Flight


You were on level 6 of the Dungeon.
You were not hungry.

You visited 1 branch of the dungeon, and saw 6 of its levels.

You collected 320 gold pieces.

Inventory:

Hand Weapons
 a - a +0 war axe (weapon)
Missiles
 g - 2 throwing nets (quivered) {!f}
Armour
 b - a +0 scale mail (worn)
 c - a +1 kite shield
 t - a scarf of resistance (worn)
   (You found it on level 4 of the Dungeon)
 x - the +0 buckler "Xoniam" (worn) {+Fly rElec rPois Dex-5}
   (You found it on level 4 of the Dungeon)

   It affects your dexterity (-5).
   It insulates you from electricity.
   It protects you from poison.
   It lets you fly.
 y - a cursed -2 helmet (worn)
   (You found it on level 5 of the Dungeon)
 z - a +0 pair of boots (worn)
   (You found it on level 5 of the Dungeon)
Jewellery
 i - an uncursed ring of ice
   (You found it on level 1 of the Dungeon)
 w - an uncursed ring of wizardry {unknown}
   (You found it on level 4 of the Dungeon)
Wands
 u - a wand of paralysis (8)
   (You found it on level 4 of the Dungeon)
Scrolls
 f - 2 scrolls of noise {unknown}
 h - 5 scrolls of remove curse {unknown}
 j - a scroll of amnesia {unknown}
 l - 3 scrolls of teleportation {unknown}
 o - 4 scrolls of enchant armour
 p - a scroll of immolation {unknown}
 r - a scroll of magic mapping {unknown}
 B - 2 scrolls of identify {@r1}
 D - a scroll of random uselessness {unknown}
 F - a scroll of fog {unknown}
 G - a scroll of enchant weapon {unknown}
Potions
 d - a potion of might
 k - a potion of curing {unknown}
 m - a potion of magic
 n - a potion of invisibility
 q - a potion of stabbing {unknown}
 s - 3 potions of flight {unknown}
 v - a potion of cancellation {unknown}
 A - a potion of degeneration {unknown}
 C - 2 potions of berserk rage {unknown}
 E - 2 potions of brilliance {unknown}
Comestibles
 e - 5 rations {!d}
 H - 2 chunks of flesh


   Skills:
 + Level 9.1 Fighting
 + Level 9.4 Axes
 - Level 3.2 Armour
 - Level 3.2 Shields


You had 7 spell levels left.
You didn't know any spells.
Your spell library contained the following spells:

 Spells                   Type           Power        Failure   Level  Hunger
 Corona                   Hex            #......      78%         1    ##.....
 Ensorcelled Hibernation  Hex/Ice        #.....       89%         2    ###....
 Confusing Touch          Hex            #.......     98%         3    ####...
 Dazzling Flash           Conj/Hex       #.....       98%         3    ####...
 Gell's Gravitas          Tloc           #.........   98%         3    ####...
 Tukima's Dance           Hex            #.......     98%         3    ####...
 Petrify                  Tmut/Erth      #.......     100%        4    #####..
 Metabolic Englaciation   Hex/Ice        #.........   100%        5    ######.
 Yara's Violent Unravell  Hex/Tmut       #.........   100%        5    ######.


Dungeon Overview and Level Annotations

Branches:
Dungeon (6/15)
 Temple: D:4-7

Altars:
Gozag

Annotations:
D:3 3 runed translucent doors, hemabe's ghost, amateur HuAr


Message History

Things that are here:
a +0 trident; 5 atropa-tipped darts; an orc corpse You butcher the orc corpse.
H - 2 chunks of flesh (gained 1)
Things that are here:
a +0 trident; 5 atropa-tipped darts; an orc skeleton
Things that are here:
a +0 trident; 5 atropa-tipped darts; an orc skeleton
Things that are here:
a +0 club; a +0 leather armour You see here a +0 short sword.
A quokka comes into view.
A quokka is nearby!
A quokka is nearby!
A quokka is nearby!
Found a stone staircase leading down.
You slash the quokka!
You kill the quokka!
No target in view!
No target in view!
No target in view!
No target in view!
No target in view!
No target in view!
No target in view!
No target in view!
No target in view!
No target in view!
No target in view!
No target in view!
No target in view!
No target in view!
No target in view!
No target in view!
No target in view!
An ogre comes into view. It is wielding a +0 giant club.
The ogre shouts!
An ogre is nearby!
An ogre is nearby!
An ogre is nearby!
The ogre hits you with a +0 giant club!!
* * * LOW HITPOINT WARNING * * *
You barely miss the ogre. The ogre hits you with a +0 giant club.
* * * LOW HITPOINT WARNING * * *
Your scale mail prevents you from hitting the ogre.
You barely miss the ogre.
The ogre hits you with a +0 giant club!!
* * * LOW HITPOINT WARNING * * *
You slash the ogre! The ogre hits you with a +0 giant club!
You die...

....... # #. .....
###.#.#### ...
#...#....## ###.#
..........########...###
...........##...........
...........#..#.##.#####
.............##....#
......O@...####..###
....#.>......##..# .
#####.##.##..#
....#..).##
......#..#)##
#.........#))#
#......#..8..#
#......#.....# .##.
#.....#


You could see an ogre.

Vanquished Creatures
  An ice beast (D:5)
  A sky beast (D:5)
  An ogre (D:6)
  A centaur (D:6)
  A bullfrog (D:6)
  A howler monkey (D:4)
  A crimson imp (D:4)
  A bullfrog zombie (D:5)
  A hound (D:6)
  3 bullfrog skeletons
  An orc priest (D:4)
  2 orc wizards
  An iron imp (D:6)
  2 worker ants
  Natasha (thrice) (D:4)
  3 hound skeletons
  A howler monkey skeleton (D:6)
  4 adders
  11 gnolls
  A shadow imp (D:5)
  An ooze (D:1)
  A worm (D:2)
  3 dart slugs
  4 leopard geckos
  11 orcs
  11 bats
  3 giant cockroaches
  6 goblins
  4 hobgoblins
  14 jackals
  4 quokkas
  A ball python (D:2)
  4 frilled lizards
  A jackal zombie (D:5)
  8 kobolds
  A leopard gecko skeleton (D:4)
  13 rats
131 creatures vanquished.

Notes
Turn   | Place    | Note
-------+----------+-------------------------------------------
     0 | D:1      | Notrik the Hill Orc Fighter began the quest for the Orb.
     0 | D:1      | Reached XP level 1. HP: 19/19 MP: 1/1
    87 | D:1      | Reached XP level 2. HP: 18/27 MP: 2/2
   414 | D:1      | Reached XP level 3. HP: 16/34 MP: 3/3
   975 | D:2      | Noticed a phantom
  1677 | D:2      | Reached XP level 4. HP: 29/41 MP: 4/4
  2315 | D:2      | Reached skill level 5 in Fighting
  2571 | D:3      | Reached skill level 5 in Axes
  2785 | D:3      | Reached XP level 5. HP: 48/48 MP: 5/5
  3293 | D:3      | Found a runed translucent gate.
  3303 | D:3      | Found a runed translucent gate.
  3315 | D:3      | Found a runed translucent gate.
  3319 | D:3      | Found an opulent altar of Gozag.
  3322 | D:3      | Noticed a sky beast
  3322 | D:3      | Noticed hemabe's ghost (amateur HuAr)
  3583 | D:4      | Noticed Natasha
  3600 | D:4      | Killed Natasha
  3932 | D:4      | Reached XP level 6. HP: 54/57 MP: 6/6
  4112 | D:4      | Got a heavily runed buckler
  4282 | D:4      | Noticed Natasha
  4289 | D:4      | Killed Natasha
  4498 | D:4      | Noticed Natasha
  4504 | D:4      | Killed Natasha
  4757 | D:5      | Entered Level 5 of the Dungeon
  4852 | D:5      | Identified the +0 buckler "Xoniam" {+Fly rElec rPois Dex-5}
                  | (You found it on level 4 of the Dungeon)
  4865 | D:5      | Reached XP level 7. HP: 43/66 MP: 7/7
  5905 | D:6      | Reached XP level 8. HP: 50/75 MP: 8/8
  6637 | D:6      | HP: 1/78 [ogre/+0 giant club (32)]
  6638 | D:6      | Mangled by an ogre

Levels and vault maps discovered:
D:1:      minmay_arrival_diagonal_passages, layout_loops_cross,
          minmay_octomino_c4
D:2:      layout_basic, first_ration, wander_ebering_terrifying_dragon_lair
D:3:      layout_rooms, ebering_ghost_gozag
D:4:      layout_gridville, uniq_natasha
D:5:      layout_basic
D:6:      layout_rooms, slow_altar_2, minmay_misc_feat_columns, uniq_edmund,
          uniq_menkaure

Skill      XL: |  1  2  3  4  5  6  7  8 |
---------------+-------------------------+-----
Axes           | 3 4 5 6 7 8 9 |  9.4
Fighting       | 4 5 6 7 8 9 |  9.1
Armour         | |  3.2
Shields        | |  3.2

Action                   |  1- 3 |  4- 6 |  7- 9 || total
-------------------------+-------+-------+-------++-------
Melee: War axe           |   175 |   218 |   152 ||   545
  Use: Scroll            |       |     4 |       ||     4
  Eat: Chunk             |     1 |     8 |       ||     9
       Ration            |     1 |     1 |     1 ||     3
Armor: Scale mail        |    78 |    89 |    65 ||   232
Dodge: Dodged            |    70 |    55 |    81 ||   206
Block: Kite shield       |    79 |   110 |       ||   189
       Buckler           |       |     2 |    28 ||    30

Table legend:
 A = Non-vault XP
 B = Vault XP
 C = Vault XP percentage of total XP
 D = Non-vault monster count
 E = Vault monster count
 F = Vault count percentage of total count
                 A         B        C        D         E       F
            +---------+---------+-------+---------+---------+-------
      Total |    1629 |      86 |   5.0 |     121 |      10 |   7.6
            +---------+---------+-------+---------+---------+-------
        D:1 |      51 |       9 |  15.0 |      26 |       7 |  21.2
        D:2 |      42 |       3 |   6.7 |      16 |       1 |   5.9
        D:3 |     122 |       0 |   0.0 |      23 |       0 |   0.0
        D:4 |     289 |      35 |  10.8 |      13 |       1 |   7.1
        D:5 |     535 |       0 |   0.0 |      26 |       0 |   0.0
        D:6 |     590 |      39 |   6.2 |      17 |       1 |   5.6
            +---------+---------+-------+---------+---------+-------
